 Dungeon Crawl Stone Soup version 0.30-b1-2-g02819fbbbe (webtiles) character file.

Game seed: 16076129251628826669

45605 Metae the Protected (level 14, -1/130 HPs)
             Began as a Minotaur Fighter on June 20, 2023.
             Was the Champion of Okawaru.
             Slain by an orc warrior
             ... wielding a +0 halberd
              (12 damage)
             ... on level 1 of the Orcish Mines.
             The game lasted 01:14:02 (19277 turns).

Metae the Protected (Minotaur Fighter)             Turns: 19277, Time: 01:14:03

Health: -1/130     AC: 27    Str: 29    XL:     14   Next: 1%
Magic:  19/19      EV:  6    Int:  5    God:    Okawaru [******]
Gold:   885        SH: 18    Dex: 21    Spells: 13/13 levels left

rFire   x . .        u - +7 flail "Biduw" {flame, Fragile rF- Dex+8 SInv}
rCold   . . .        a - +0 tower shield of the Stallion {Str+3}
rNeg    . . .        Y - +5 plate armour {ponderous}
rPois   .            U - +2 hat
rElec   +            K - +0 cloak
rCorr   +            t - -1 pair of gloves "Amyliv" {rElec Dex+3}
SInv    +            G - +0 pair of boots
Will    ++...        N - amulet of the acrobat Stlth
                     H - ring of resist corrosion
HPRegen 0.41/turn    b - ring of willpower
MPRegen 0.16/turn

%: acrobat
@: lethally poisoned (-1 -> -1), studying Stealth, slow
A: horns 2, retaliatory headbutt
a: Renounce Religion, Heroism, Finesse, Duel


You were on level 1 of the Orcish Mines.
You worshipped Okawaru.
Okawaru was exalted by your worship.
You visited 4 branches of the dungeon, and saw 17 of its levels.
You also visited: Volcano.

You collected 1077 gold pieces.
You spent 192 gold pieces at shops.

Inventory:

Hand Weapons
 g - a +2 eveningstar of protection
 i - a +2 hand crossbow of flaming
 u - the +7 flail "Biduw" (weapon) {flame, Fragile rF- Dex+8 SInv}
   (You found it on level 3 of the Dungeon)

   Dex:       It affects your dexterity (+8).
   rF:        It makes you vulnerable to fire.
   SInv:      It lets you see invisible.
   Fragile:   It will be destroyed if unequipped.
 y - a +0 sling
Missiles
 l - 3 datura-tipped darts
 n - 39 poisoned darts (quivered)
 A - 144 stones
 F - a silver boomerang
 J - 3 curare-tipped darts
Armour
 a - the +0 tower shield of the Stallion (worn) {Str+3}
   (Okawaru gifted it to you on level 4 of the Lair of Beasts)

   Str:       It affects your strength (+3).
 c - +0 fire dragon scales
 t - the -1 pair of gloves "Amyliv" (worn) {rElec Dex+3}
   (You found it on level 2 of the Dungeon)

   Dex:       It affects your dexterity (+3).
   rElec:     It insulates you from electricity.
 v - a +2 plate armour
 G - a +0 pair of boots (worn)
 K - a +0 cloak (worn)
 M - a +0 scale mail of poison resistance
 U - a +2 hat (worn)
 Y - a +5 plate armour of ponderousness (worn)
Jewellery
 b - a ring of willpower (right hand)
 f - an amulet of guardian spirit
 H - a ring of resist corrosion (left hand)
 L - a ring of ice
 N - an amulet of the acrobat (around neck)
 R - a ring of flight
 V - a ring of protection from fire
Wands
 p - a wand of iceblast (7)
 w - a wand of paralysis (14)
 I - a wand of light (6)
 T - a wand of flame (9)
Scrolls
 e - 3 scrolls of identify
 h - 8 scrolls of teleportation
 j - 6 scrolls of fear
 o - 6 scrolls of magic mapping
 r - 3 scrolls of enchant armour
 s - 3 scrolls of blinking
 x - 3 scrolls of brand weapon
 B - 2 scrolls of amnesia
 D - 2 scrolls of fog
Potions
 d - 6 potions of might
 k - a potion of brilliance
 m - 6 potions of haste
 z - 6 potions of heal wounds
 C - a potion of resistance
 O - 3 potions of curing
 P - 3 potions of flight
 Q - 2 potions of berserk rage
 S - 2 potions of magic
 X - 2 potions of cancellation
 Z - 3 potions of mutation
Miscellaneous
 W - a piece from Xom's chessboard (15/15)


   Skills:
 + Level 13.7 Fighting
 + Level 13.5 Maces & Flails
 + Level 13.7 Armour
 + Level 2.5 Stealth
 + Level 10.7 Shields
 - Level 9.0 Invocations
 - Level 8.7 Evocations


You had 13 spell levels left.
You didn't know any spells.
Your spell library contained the following spells:

 Spells                   Type           Power      Damage    Failure   Level
 Magic Dart               Conj           0%         1d3       100%        1
 Frozen Ramparts          Ice            0%         1d1       100%        3
 Gell's Gravitas          Tloc           0%         N/A       100%        3
 Hailstorm                Conj/Ice       0%         3d3       100%        3
 Inner Flame              Hex/Fire       0%         N/A       100%        3
 Mephitic Cloud           Conj/Pois/Air  0%         N/A       100%        3
 Stone Arrow              Conj/Erth      0%         3d7       100%        3
 Teleport Other           Tloc           0%         N/A       100%        3
 Volatile Blastmotes      Fire/Tloc      0%         2d10      100%        3
 Fulminant Prism          Conj/Hex       0%         3d5       100%        4
 Ice Form                 Ice/Tmut       0%         N/A       100%        4
 Iskenderun's Mystic Bla  Conj/Tloc      0%         2d3       100%        4
 Leda's Liquefaction      Hex/Erth       0%         N/A       100%        4
 Lee's Rapid Deconstruct  Erth           0%         3d4*      100%        5
 Yara's Violent Unravell  Hex/Tmut       0%         3d3       100%        5
 Dispersal                Tloc           0%         N/A       100%        6
 Statue Form              Tmut/Erth      0%         N/A       100%        6
 Enfeeble                 Hex            0%         N/A       100%        7
 Lehudib's Crystal Spear  Conj/Erth      0%         10d2      100%        8
 Call Imp                 Summ           Unusable   N/A       N/A         2
 Animate Armour           Summ/Erth      Unusable   N/A       N/A         4
 Summon Ice Beast         Ice/Summ       Unusable   N/A       N/A         4
 Simulacrum               Ice/Necr       Unusable   N/A       N/A         6

Dungeon Overview and Level Annotations

Branches:
Dungeon (10/15)            Temple (1/1) D:7            Lair (5/5) D:9
  Swamp (0/4) Lair:2       Spider (0/4) Lair:2        Slime (0/5) Lair:5
    Orc (1/2) D:10        Volcano (visited)

Altars:
Ashenzari
Cheibriados
Dithmenos
Elyvilon
Fedhas
Gozag
Hepliaklqana
Kikubaaqudgha
Makhleb
Nemelex Xobeh
Okawaru
Qazlal
Ru
Sif Muna
Trog
Uskayaw
Vehumet
Wu Jian
Xom
Yredelemnul
Zin
The Shining One
Jiyva

Shops:
D:7 *[*[!

Annotations:
D:10 2 transporters, exclusion: ice statue, Drakonis1988's ghost, novice MiFi


Innate Abilities, Weirdness & Mutations

You have a pair of horns on your head.
You reflexively headbutt those who attack you in melee.


Message History

The chaos spawn degenerates into a cloud of primal chaos!
You feel sick.
You sock the orc warrior! You burn the orc warrior.
Your headbutt misses the orc warrior.
The orc warrior is severely wounded.
You feel sick.
The orc wizard no longer looks unusually strong.
The orc no longer looks unusually strong.
The orc wizard no longer looks unusually strong.
You block the orc wizard's attack. x2; The orc throws a boomerang.
The boomerang hits you but does no damage.
The orc warrior hits you with a +0 battleaxe!
* * * LOW HITPOINT WARNING * * *
The orc priest begins to cast a cantrip, but forgets the words!
The orc warrior hits you but does no damage.
You block the ogre's attack.
You hit the orc warrior but do no damage.
The orc warrior is severely wounded.
You feel sick.
The orc warrior no longer looks unusually strong. x2
You block the orc wizard's attack.
The orc wizard hits you but does no damage.
The orc warrior hits you with a +0 battleaxe!
* * * LOW HITPOINT WARNING * * *
The orc closely misses you.
The orc wizard casts a spell.
The orc wizard flickers and vanishes for a moment.
The orc warrior barely misses you.
You hit the orc warrior but do no damage.
You headbutt the orc warrior!
You kill the orc warrior!
Okawaru accepts your kill.
You feel sick.
The orc wizard points at you and mumbles some strange words.
The magic dart hits you but does no damage.
You block the orc's attack. The ogre hits you with a +0 giant club!
* * * LOW HITPOINT WARNING * * *
The orc hits you but does no damage.
The orc warrior hits you from afar with a +0 halberd!
You die...

.. .## ..###
. ..#.# ..
#...# # o..#
#...#.##
.....
##......#
......#oo#.#
#....oO@o#
#....o#oo.#
........oo##
..........#
...#.#..(..
.. ####.(..#
. #(...#
.....#


You could see 2 orc warriors, an ogre, an orc priest, 4 orc wizards and 2 orcs.

Vanquished Creatures
  3 hydras
  3 catoblepae (Lair:5)
  5 two-headed ogres
  6 death yaks (Lair:5)
  2 skysharks
  The ghost of Drakonis1988 the Fighter, a novice GrFi of Okawaru (Lair:1)
  An orc knight (Orc:1)
  2 oklob plants
  2 manticores (Lair:5)
  An orc sorcerer (Orc:1)
  A salamander (Volcano)
  6 black mambas
  9 elephants
  A molten gargoyle (Lair:1)
  Joseph (Lair:1)
  A torpor snail (Lair:5)
  10 cane toads
  A gargoyle (D:10)
  2 rime drakes
  2 kobold demonologists (D:9)
  12 komodo dragons
  2 trolls
  2 polar bears (Lair:3)
  5 blink frogs
  5 wyverns
  41 yaks
  A fire bat (Volcano)
  A basilisk (Lair:4)
  Menkaure (D:6)
  4 hell hounds
  13 water moccasins
  9 orc warriors
  2 ice beasts (D:6)
  A sky beast (D:6)
  A black bear (D:6)
  3 ogres
  15 wolves
  7 centaurs
  2 phantoms (D:5)
  4 kobold brigands
  10 bullfrogs
  2 gnoll sergeants
  5 scorpions
  5 wights (D:8)
  20 killer bees
  A howler monkey (D:5)
  6 electric eels
  A lava snake (Lair:1)
  8 hounds
  10 orc priests
  3 jellies (D:5)
  A sleepcap (D:6)
  Jessica (D:2)
  3 gnoll boudas
  8 iguanas
  12 orc wizards
  25 gnolls
  6 adders
  A white imp (D:6)
  An ufetubus (D:5)
  7 dart slugs
  72 orcs
  4 ball pythons
  16 bats
  6 endoplasms
  4 giant cockroaches
  8 goblins
  6 hobgoblins
  7 jackals
  4 quokkas
  5 frilled lizards
  18 kobolds
  8 rats
485 creatures vanquished.

Vanquished Creatures (others)
  An orc wizard (Orc:1)
  An orc (D:7)
  6 fungi
  60 plants
68 creatures vanquished.

Grand Total: 553 creatures vanquished

Notes
Turn   | Place    | Note
-------+----------+-------------------------------------------
     0 | D:1      | Metae the Minotaur Fighter began the quest for the Orb.
     0 | D:1      | Reached XP level 1. HP: 19/19 MP: 0/0
   165 | D:1      | Reached XP level 2. HP: 27/27 MP: 1/1
   691 | D:1      | Reached XP level 3. HP: 33/33 MP: 2/2
   778 | D:1      | Found a faded altar of an unknown god.
  1160 | D:2      | Identified the -1 pair of gloves "Amyliv" {rElec Dex+3}
  1341 | D:2      | Noticed Jessica
  1347 | D:2      | Killed Jessica
  1348 | D:2      | Reached XP level 4. HP: 41/41 MP: 3/3
  1829 | D:3      | Identified the +7 flail "Biduw" {flame, Fragile rF- Dex+8
                  | SInv}
  2128 | D:3      | Found a radiant altar of Vehumet.
  2479 | D:4      | Noticed a centaur
  2480 | D:4      | Noticed a centaur
  2489 | D:4      | Reached skill level 1 in Evocations
  2489 | D:4      | Reached XP level 5. HP: 22/47 MP: 1/4
  2491 | D:4      | Killed a centaur
  2495 | D:4      | Killed a centaur
  2496 | D:4      | Reached skill level 5 in Armour
  2496 | D:4      | Reached skill level 5 in Shields
  2496 | D:4      | Reached XP level 6. HP: 18/55 MP: 2/5
  2842 | D:4      | Reached skill level 5 in Fighting
  3160 | D:4      | Reached XP level 7. HP: 61/61 MP: 6/6
  3188 | D:4      | Found a shimmering altar of Xom.
  3188 | D:4      | Found an ancient bone altar of Kikubaaqudgha.
  3188 | D:4      | Found a broken altar of Ashenzari.
  3505 | D:5      | Entered Level 5 of the Dungeon
  3546 | D:5      | Found a burning altar of Makhleb.
  3550 | D:5      | Reached skill level 5 in Maces & Flails
  3685 | D:4      | HP: 3/62 [poisoned by a scorpion]
  4206 | D:5      | Reached XP level 8. HP: 51/70 MP: 7/7
  5449 | D:6      | Identified the +5 ring mail of the Saviour {Rampage rElec
                  | Slay-3}
  5827 | D:6      | Noticed Menkaure
  5839 | D:6      | Killed Menkaure
  5840 | D:6      | Reached XP level 9. HP: 72/79 MP: 8/8
  5976 | D:6      | Found an ornate altar of the Wu Jian Council.
  6171 | D:7      | Found Pafeps's Armour Boutique.
  6220 | D:7      | Found Cifois's Armour Emporium.
  6231 | D:7      | Found Ollett's Distillery.
  6245 | D:7      | Bought a potion of curing for 48 gold pieces
  6245 | D:7      | Bought a potion of might for 64 gold pieces
  6245 | D:7      | Bought a potion of flight for 48 gold pieces
  6576 | D:7      | Found a staircase to the Ecumenical Temple.
  6577 | D:7      | Noticed a two-headed ogre
  6594 | D:7      | Killed a two-headed ogre
  6595 | D:7      | Reached skill level 5 in Evocations
  6639 | Temple   | Entered the Ecumenical Temple
  6901 | Temple   | Became a worshipper of Warmaster Okawaru
  7027 | D:7      | Found Dagodamua's General Store.
  7039 | D:7      | Bought a scroll of identify for 32 gold pieces
  7353 | D:7      | Reached skill level 1 in Invocations
  7393 | D:7      | Found Myg Nium's Assorted Antiques.
  7661 | D:8      | Reached XP level 10. HP: 90/90 MP: 9/9
  7816 | D:8      | Reached * piety under Okawaru
  8451 | D:9      | Reached ** piety under Okawaru
  8613 | D:9      | Noticed a two-headed ogre
  8633 | D:9      | Killed a two-headed ogre
  8818 | D:9      | Reached *** piety under Okawaru
  8961 | D:9      | Found a staircase to the Lair.
  9278 | D:9      | Noticed an entropy weaver
  9295 | D:9      | Found the sphere of Battle
  9407 | D:9      | Noticed a salamander
  9526 | D:9      | Found a hide-covered altar of Uskayaw.
  9651 | Lair:1   | Entered Level 1 of the Lair of Beasts
  9651 | Lair:1   | Noticed a black mamba
  9651 | Lair:1   | Noticed an elephant
  9651 | Lair:1   | Noticed an elephant
  9651 | Lair:1   | Noticed an elephant
  9653 | Lair:1   | Noticed an elephant
  9662 | D:9      | Killed an elephant
  9663 | D:9      | Reached XP level 11. HP: 66/99 MP: 13/13
  9775 | D:9      | Reached skill level 10 in Armour
  9785 | D:9      | Reached skill level 10 in Fighting
  9789 | D:9      | Reached **** piety under Okawaru
  9844 | Lair:1   | Reached skill level 10 in Maces & Flails
  9847 | Lair:1   | Noticed Joseph
  9857 | Lair:1   | Reached skill level 5 in Invocations
  9863 | Lair:1   | Killed Joseph
 10368 | Lair:1   | Found a runed translucent door.
 10368 | Lair:1   | Noticed Drakonis1988's ghost (novice GrFi)
 10997 | Lair:1   | Reached ***** piety under Okawaru
 11506 | Lair:2   | Found a hole to the Spider Nest.
 11584 | Lair:2   | Noticed a four-headed hydra
 11591 | Lair:2   | Killed a four-headed hydra
 11904 | Lair:2   | Found a staircase to the Swamp.
 11934 | Lair:2   | Found a bloodstained altar of Trog.
 11934 | Lair:2   | Noticed an oklob plant
 11946 | Lair:2   | Killed an oklob plant
 12014 | Lair:2   | Found a basalt altar of Yredelemnul.
 12450 | Lair:3   | Reached XP level 12. HP: 97/110 MP: 15/15
 13872 | Lair:4   | Identified the +0 tower shield of the Stallion {Str+3}
                  | (Okawaru gifted it to you on level 4 of the Lair of Beasts)
 13872 | Lair:4   | Received a gift from Okawaru
 14037 | Lair:4   | Found a shadowy altar of Dithmenos.
 14260 | Lair:4   | Noticed an eight-headed hydra
 14268 | Lair:4   | Killed an eight-headed hydra
 14874 | Lair:5   | Entered Level 5 of the Lair of Beasts
 15073 | Lair:5   | Found a dark tunnel.
 15096 | Volcano  | Entered a volcano
 15113 | Volcano  | Noticed a two-headed ogre
 15129 | Volcano  | Killed a two-headed ogre
 15271 | Volcano  | Noticed a two-headed ogre
 15277 | Volcano  | Killed a two-headed ogre
 15586 | Lair:5   | Found a viscous altar of Jiyva.
 15587 | Lair:5   | Found a staircase to the Slime Pits.
 15730 | Lair:5   | Reached XP level 13. HP: 119/119 MP: 17/17
 16097 | Lair:5   | Reached ****** piety under Okawaru
 16165 | Lair:5   | Received a gift from Okawaru
 16855 | Lair:5   | Reached skill level 10 in Shields
 17656 | Lair:5   | Received a gift from Okawaru
 17681 | Lair:5   | Got Caoss's Incunabulum of Freezing
 17903 | Lair:1   | Killed Drakonis1988's ghost
 17985 | D:10     | Entered Level 10 of the Dungeon
 17987 | D:10     | Noticed Drakonis1988's ghost (novice MiFi)
 18014 | D:10     | Found a transporter.
 18020 | D:10     | Found a transporter.
 18154 | D:10     | Reached skill level 1 in Stealth
 18581 | D:10     | Found a staircase to the Orcish Mines.
 18831 | D:10     | Found a shadowy altar of Dithmenos.
 19249 | Orc:1    | Entered Level 1 of the Orcish Mines
 19268 | Orc:1    | Reached XP level 14. HP: 93/130 MP: 19/19
 19277 | Orc:1    | Slain by an orc warrior

Illustrated notes

Levels and vault maps discovered:
D:1:      dpeg_arrival_shrine, layout_basic, chequers_ecumenical_altar_island,
          minmay_curled_crystal, grunt_decor_resistance
D:2:      layout_loops_ring, uniq_jessica
D:3:      layout_loops_ring, lemuel_round_altar
D:4:      layout_basic, gammafunk_temple_overflow_forgotten, minmay_manual_mares
D:5:      layout_cave_pods, minmay_ruined_shrine
D:6:      layout_basic, marbit_many_paths, uniq_menkaure
D:7:      layout_cave_pods, minmay_temple_entry_grid, serial_shops,
          nicolae_shop_advertising_works [nicolae_subvault_shop_adworks],
          nicolae_shop_competitors_out_of_business, shop,
          nicolae_shop_scrapyard, kennysheep_mini_moat
D:8:      layout_cave_pools, hangedman_abyss_or_decor_stagger,
          lightli_corner_chamber
D:9:      layout_irregular_city, nicolae_uskayaw_murder_on_the_dancefloor,
          erik_lair_island, grunt_ministairs_15, minmay_hedge_maze,
          minivault_24, onia_ninara_dug_in_and_dangerous
D:10:     layout_loops_ring, mainiacjoe_overflow_alcove_1, hiddenorc2_lemuel,
          nzn_ghost_randoct, serial_bayou_lagoon_b
Temple:   regret_index_temple_generic_petals
Lair:1:   layout_gridlike, ebering_ghost_inner_flame, uniq_joseph
Lair:2:   layout_roguey, swamp_mist, dummy_spider_entry, basic_altar,
          minmay_holes, roderic_batcave, lemuel_oklob_altar
Lair:3:   layout_cave_pods, dreamdust_deal_with_the_devil
Lair:4:   layout_regular_city, basic_altar, evilmike_ambush
          [evilmike_ambush_outer_corners, evilmike_ambush_inner_basic],
          infiniplex_staircase_pool, lemuel_fruit_fields
Lair:5:   evilmike_catoblepas_cave, layout_hall_layers,
          minmay_slime_entry_oklob_open, enter_volcano_3
Orc:1:    layout_diamond_mine, basic_altar, lightli_orcish_oven

Skill      XL: |  1  2  3  4  5  6  7  8  9 10 11 12 13 |
---------------+----------------------------------------+-----
Armour         | 4 5 6 7 8 9 11 12 13 | 13.7
Shields        | 4 5 6 7 8 9 10 | 10.7
Fighting       | 4 5 6 7 8 9 11 12 13 | 13.7
Maces & Flails | 3 4 5 6 8 9 10 12 13 | 13.5
Evocations     | 1 2 3 4 5 6 7 8 |  8.7
Invocations    | 1 4 6 7 9 |  9.0
Stealth        | 2 |  2.5

Action                     |  1- 3 |  4- 6 |  7- 9 | 10-12 | 13-15 || total
---------------------------+-------+-------+-------+-------+-------++-------
  Melee: Flail             |    90 |    80 |   207 |   497 |   398 ||  1272
         Headbutt          |    14 |    14 |    31 |   126 |   103 ||   288
  Throw: Dart              |       |       |     9 |    23 |     8 ||    40
 Invoke: Heroism           |       |       |       |     3 |     2 ||     5
  Evoke: Wand              |       |       |       |     4 |     1 ||     5
    Use: Scroll            |       |     4 |     8 |     6 |     2 ||    20
         Potion            |       |       |     8 |     4 |       ||    12
   Stab: Petrified         |       |       |       |       |     2 ||     2
         Petrifying        |       |       |       |       |     1 ||     1
 Armour: Scale mail        |    56 |    23 |    31 |       |       ||   110
         Plate armour      |       |       |    86 |   355 |   209 ||   650
  Dodge: Dodged            |    48 |    32 |    74 |   297 |   114 ||   565
  Block: Buckler           |    19 |    22 |    74 |   188 |       ||   303
         Tower shield      |       |       |       |   141 |   394 ||   535
